 Dungeon Crawl Stone Soup version 0.27-a0-1140-g099f9bb0e8 (webtiles) character file.

Game seed: 3458653886957481339

8 Zeld the Skirmisher (level 2, 0/21 HPs)
             Began as an Octopode Fighter on May 9, 2021.
             Slain by a quokka (1 damage)
             ... on level 1 of the Dungeon.
             The game lasted 00:01:27 (248 turns).

Zeld the Skirmisher (Octopode Fighter)               Turns: 248, Time: 00:01:28

Health: 0/21       AC:  1    Str: 15    XL:     2   Next: 8%
Magic:  2/2        EV: 13    Int: 10    God:
Gold:   0          SH:  0    Dex: 11    Spells: 1/1 levels left

rFire    . . .     SeeInvis .   a - +0 war axe
rCold    . . .     Faith    .   (no shield)
rNeg     . . .     Spirit   .   (helmet restricted)
rPois    .         Reflect  .   (no amulet)
rElec    .         Harm     .   (no ring)
rCorr    .         Rampage  .   (no ring)
Will     .....                  (no ring)
Stlth    ++........             (no ring)
HPRegen  0.07/turn              (no ring)
MPRegen  0.08/turn              (no ring)
                                (no ring)
                                (no ring)

@: no status effects
A: almost no armour, amphibious, 8 rings, camouflage 1, gelatinous body 1,
(nimble swimmer 1), tentacles
a: no special abilities


You were on level 1 of the Dungeon.
You visited 1 branch of the dungeon, and saw 1 of its levels.

Inventory:

Hand Weapons
 a - a +0 war axe (weapon)
Scrolls
 b - a scroll of fog {unknown}
 d - a scroll of identify {unknown}
Potions
 c - a potion of might


   Skills:
 * Level 3.3 Fighting
 * Level 2.3 Axes
 - Level 3.0 Dodging
 - Level 3.0 Shields


You had one spell level left.
You didn't know any spells.
Your spell library was empty.

Dungeon Overview and Level Annotations

Branches:
Dungeon (1/15)

Altars:


Innate Abilities, Weirdness & Mutations

You cannot wear most types of armour.
You are amphibious.
You can wear up to eight rings at the same time.
Your skin changes colour to match your surroundings (Stealth+).
Your rubbery body absorbs attacks. (AC +1, EV +1)
((You are camouflaged near water. (Stealth+)))
You have tentacles for arms and can constrict up to eight enemies at once.


Message History

You see here a +0 club.
You open the door.
There is an open door here.
A quokka comes into view.
A quokka is nearby!
A quokka is nearby!
A quokka is nearby!
A ball python comes into view.
The ball python hisses angrily.
A frilled lizard comes into view.
The frilled lizard hisses angrily.
You closely miss the ball python. You grab the ball python.
You constrict the ball python. The ball python bites you.
The ball python closely misses you. The ball python barely misses you.
The ball python grabs you. The ball python constricts you.
You hit the ball python but do no damage.
The ball python is moderately wounded.
You constrict the ball python.
You kill the ball python!
The quokka bites you.
You barely miss the quokka. Your grab misses the quokka. The quokka bites you.
You miss the quokka. Your grab misses the quokka.
You barely miss the frilled lizard.
The quokka twitches its whiskers.
The quokka bites you. The frilled lizard closely misses you.
The quokka bites you. The frilled lizard bites you. The quokka bites you.
* * * LOW HITPOINT WARNING * * *
The frilled lizard barely misses you.
You miss the frilled lizard. Your grab misses the frilled lizard.
You barely miss the quokka. The quokka bites you.
* * * LOW HITPOINT WARNING * * *
The frilled lizard barely misses you. The quokka bites you.
* * * LOW HITPOINT WARNING * * *
You are too injured to fight recklessly!
You are too injured to fight recklessly!
You slash the frilled lizard!
You kill the frilled lizard!
You closely miss the quokka. The quokka bites you.
You die...

#.....#
#.....#
##'#### #..#
##.## #..#
##.######...
#
#..........
# #
##.@##...
###..
#r.....# ...
# #.........
. ..#
##..#..#..
....#
........
.....
...#.#...
###.#
......... ..
..........
... ####


You could see a quokka.

Vanquished Creatures
  A dart slug (D:1)
  A giant cockroach (D:1)
  A goblin (D:1)
  A hobgoblin (D:1)
  A ball python (D:1)
  A frilled lizard (D:1)
  A kobold (D:1)
7 creatures vanquished.

Notes
Turn   | Place    | Note
-------+----------+-------------------------------------------
     0 | D:1      | Zeld the Octopode Fighter began the quest for the Orb.
     0 | D:1      | Reached XP level 1. HP: 16/16 MP: 1/1
   131 | D:1      | Reached XP level 2. HP: 14/21 MP: 2/2
   247 | D:1      | HP: 1/21 [quokka (2)]
   248 | D:1      | Slain by a quokka

Illustrated notes

Levels and vault maps discovered:
D:1:      lemuel_arrival_funnel, layout_basic, serial_shops, shop

Action                   || total
-------------------------++-------
Melee: War axe           ||    16
       Tentacles         ||     4
       Constrict         ||     4
Dodge: Dodged            ||    12

Table legend: (Time is in decaauts)
 A = Elapsed time spent in this place.
 B = Non-inter-level travel time spent in this place.
 C = Inter-level travel time spent in this place.
 D = Time resting spent in this place.
 E = Time spent auto-exploring this place.
 F = Levels seen in this place.
 G = Mean time per level.
                   A        B        C        D        E       F      G
               +--------+--------+--------+--------+--------+-----+--------+
         Total |    253 |    253 |      0 |      0 |    202 |   1 |  253.0 |
       Dungeon |    253 |    253 |      0 |      0 |    202 |   1 |  253.0 |
               +--------+--------+--------+--------+--------+-----+--------+

Top non-repeatable levels by time:
     D:1: 253 daAuts
